 Dungeon Crawl Stone Soup version 0.30-a0-778-g2ef04afb54 (webtiles) character file.

Game seed: 3443768582348613163

646 Orangeyouglad the Sneak (level 7, -3/42 HPs)
             Began as a Vampire Gladiator on Feb 15, 2023.
             Slain by a gnoll bouda
             ... wielding a +0 whip
              (5 damage)
             ... on level 5 of the Dungeon.
             The game lasted 00:13:02 (5239 turns).

Orangeyouglad the Sneak (Vampire Gladiator)         Turns: 5239, Time: 00:13:02

Health: -3/42      AC:  7    Str: 12 (15) XL:     7   Next: 27%
Magic:  7/7        EV: 13    Int:  7 (10) God:
Gold:   240        SH:  0    Dex: 10 (16) Spells: 6/6 levels left

rFire   . . .      SeeInvis +      - Unarmed
rCold   + + .      Faith    .    (no shield)
rNeg    + + +      Spirit   .    a - +0 leather armour
rPois   ∞          Reflect  .    b - +0 helmet
rElec   .          Harm     .    m - +2 cloak
rCorr   .          Rampage  .    (no gloves)
Will    .....                    (no boots)
Stlth   +++++                    (no amulet)
HPRegen 0.00/turn                (no ring)
MPRegen 0.10/turn                (no ring)

@: weakened, bloodless, inhibited regen
A: bloodless, fangs 3, see invisible, vampiric 2
a: Bat Form, Revivify


You were on level 5 of the Dungeon.
You visited 1 branch of the dungeon, and saw 5 of its levels.

You collected 240 gold pieces.

Inventory:

Missiles
 d - 2 silver boomerangs (quivered)
Armour
 a - a +0 leather armour (worn)
 b - a +0 helmet (worn)
 m - a +2 cloak (worn)
Scrolls
 c - a scroll of torment {unknown}
 g - a scroll of blinking {unknown}
 h - a scroll of poison {unknown}
 j - a scroll of fear {unknown}
 k - a scroll of teleportation {unknown}
 l - a scroll of magic mapping {unknown}
 o - a scroll of identify {unknown}
 p - a scroll of immolation
 q - a scroll of amnesia {unknown}
Potions
 f - a potion of berserk rage {unknown}
 i - a potion of degeneration {unknown}
 n - 2 potions of mutation {unknown}
 r - a potion of haste {unknown}


   Skills:
 + Level 3.9 Fighting
 - Level 1.5 Throwing
 + Level 5.4 Dodging
 + Level 5.8 Stealth
 + Level 5.4 Unarmed Combat


You had 6 spell levels left.
You didn't know any spells.
Your spell library contained the following spells:

 Spells                   Type           Power      Damage    Failure   Level
 Lesser Beckoning         Tloc           0%         N/A       65%         2
 Gell's Gravitas          Tloc           0%         N/A       87%         3
 Kindle Blastsparks       Fire/Tloc/Air  0%         2d10      87%         3
 Teleport Other           Tloc           0%         N/A       87%         3
 Fulminant Prism          Conj/Hex       0%         3d5       99%         4
 Iskenderun's Mystic Bla  Conj/Tloc      0%         2d3       99%         4
 Summon Ice Beast         Ice/Summ       0%         N/A       99%         4
 Lee's Rapid Deconstruct  Erth           0%         3d4*      100%        5
 Summon Mana Viper        Hex/Summ       0%         N/A       100%        5
 Monstrous Menagerie      Summ           0%         N/A       100%        7


Dungeon Overview and Level Annotations

Branches:
Dungeon (5/15)
 Temple: D:4-7

Altars:
Fedhas
Qazlal

Shops:
D:5 [[

Annotations:
D:2 Sigmund
D:5 Menkaure


Innate Abilities, Weirdness & Mutations

You do not regenerate when monsters are visible.
You are frail without blood (-20% HP).
You can heal yourself when you bite living creatures.
You are immune to poison.
You have razor-sharp teeth.
You have supernaturally acute eyesight. (SInv)
You are afflicted with vampirism and can become a bat while bloodless.


Message History

Okay, then.
You closely miss the gnoll bouda. Your bite misses the gnoll bouda.
The gnoll bouda misses you. The gnoll misses you.
You hit the gnoll bouda. Your bite misses the gnoll bouda.
The gnoll bouda is moderately wounded.
The gnoll bouda hits you with a +0 whip.
* * * LOW HITPOINT WARNING * * *
The gnoll hits you but does no damage. The gnoll bouda misses you.
The gnoll bouda barks out a call to the hunt!
You feel better.
You hit the gnoll bouda but do no damage.
The gnoll bouda is moderately wounded.
The gnoll bouda hits you but does no damage.
You hit the gnoll bouda but do no damage.
Your bite misses the gnoll bouda.
The gnoll bouda is moderately wounded.
The gnoll bouda gazes fiercely through you!
You feel your attacks grow feeble. The gnoll bouda misses you.
You hit the gnoll bouda. Your punch misses the gnoll bouda.
The gnoll bouda is heavily wounded.
The gnoll hits you but does no damage.
The gnoll bouda prays to its god.
The gnoll bouda is healed somewhat.
Your attacks no longer feel as feeble.
The gnoll hits you from afar with a +2 spear of venom.
* * * LOW HITPOINT WARNING * * *
You see here a throwing net.
The gnoll hits you from afar with a +2 spear of venom.
* * * LOW HITPOINT WARNING * * *
A hound comes into view.
Found a +0 dagger.
The gnoll bouda hits you with a +0 whip.
* * * LOW HITPOINT WARNING * * *
The gnoll barely misses you.
The gnoll bouda gazes fiercely through you!
You feel your attacks grow feeble.
The gnoll bouda hits you with a +0 whip.
You die...

##### ##<†.#
##..#.# ##..##.####
###.........#
#...........#
..##.##@g......###
........gK.(.......
)....)...(.########
.#...#.#.#.#
..#.#....#.#
...∩...##♣.##
h.#.#.. #...##
.#...#. ♣∩♣..#
...... #..#.#


You could see a gnoll bouda, a hound (wandering), a gnoll (swift) and a kobold.

Vanquished Creatures
  A water moccasin (D:5)
  2 black bears (D:5)
  A necrophage (D:5)
  A jelly (D:4)
  A hound (D:5)
  Natasha (D:2)
  An orc wizard (D:5)
  An iguana (D:4)
  4 gnolls
  2 adders (D:4)
  An ufetubus (D:4)
  2 worms
  2 dart slugs
  7 orcs
  8 bats
  6 endoplasms
  A giant cockroach (D:4)
  15 goblins
  8 hobgoblins
  6 kobolds
  4 quokkas
  6 ball pythons
  2 frilled lizards (D:2)
  3 rats
86 creatures vanquished.

Notes
Turn   | Place    | Note
-------+----------+-------------------------------------------
     0 | D:1      | Orangeyouglad the Vampire Gladiator began the quest for the
                  | Orb.
     0 | D:1      | Reached XP level 1. HP: 16/16 MP: 1/1
    34 | D:1      | Reached skill level 1 in Stealth
    34 | D:1      | Reached XP level 2. HP: 22/22 MP: 2/2
   222 | D:1      | Gained mutation: You are afflicted with vampirism and can
                  | become a bat while bloodless. [Vampire growth]
   222 | D:1      | Reached XP level 3. HP: 27/27 MP: 3/3
  1204 | D:2      | Noticed Natasha
  1216 | D:2      | Killed Natasha
  1217 | D:2      | Reached XP level 4. HP: 32/34 MP: 4/4
  1237 | D:2      | Noticed Sigmund
  1840 | D:3      | Found a stormy altar of Qazlal.
  2191 | D:3      | Found a blossoming altar of Fedhas.
  2468 | D:2      | Found a faded altar of an unknown god.
  2793 | D:4      | Reached XP level 5. HP: 29/40 MP: 5/5
  3883 | D:5      | Entered Level 5 of the Dungeon
  3885 | D:5      | Noticed Menkaure
  3927 | D:5      | Reached XP level 6. HP: 11/37 MP: 6/6
  4394 | D:5      | Noticed a water moccasin
  4409 | D:5      | Found Xetif's Armour Boutique.
  4411 | D:5      | Found Diruhour's Antique Armour Boutique.
  4653 | D:5      | Reached skill level 5 in Dodging
  4653 | D:5      | Reached skill level 5 in Unarmed Combat
  4657 | D:5      | Reached skill level 5 in Stealth
  5075 | D:4      | Reached XP level 7. HP: 36/42 MP: 7/7
  5238 | D:5      | HP: 2/42 [gnoll bouda/+0 whip (4)]
  5239 | D:5      | Slain by a gnoll bouda

Illustrated notes

Levels and vault maps discovered:
D:1:      dpeg_arrival_simpleton_a, layout_loops_ring, minmay_misc_feat_encased
D:2:      layout_basic, dreamdust_ecumenical_altar_angels_and_demons,
          minmay_misc_feat_pillars, uniq_natasha, uniq_sigmund
D:3:      mumra_celtic_spiral_tile, layout_rooms,
          nicolae_qazlal_general_emergency, lemuel_round_altar,
          serial_co_window_serial, co_window_corner_a, co_window_paths_b,
          co_window_of_opportunity_a, co_window_paths_b, co_window_corner_a,
          co_window_unsneaky_path_a, co_window_paths_c,
          co_window_unsneaky_path_c, co_window_corner_b,
          co_window_of_opportunity_c, co_window_paths_e, glass_columns_a,
          glass_columns_b, glass_columns_a, glass_columns_b
D:4:      layout_gridville, minmay_checkerbox
D:5:      cheibrodos_thug_alley, layout_rooms, mainiacjoe_overflow_alcove_1,
          serial_shops, nicolae_shop_trees, nicolae_shop_advertising_works
          [nicolae_subvault_shop_adworks], uniq_blork_the_orc,
          uniq_prince_ribbit1, uniq_menkaure, uniq_grinder

Skill      XL: |  1  2  3  4  5  6 |
---------------+-------------------+-----
Fighting       | 2 3 |  3.9
Stealth        | 1 2 3 4 5 |  5.8
Dodging        | 4 5 |  5.4
Unarmed Combat | 4 5 |  5.4
Throwing       | |  1.5

Action                     |  1- 3 |  4- 6 |  7- 9 || total
---------------------------+-------+-------+-------++-------
  Melee: Unarmed           |   128 |   171 |    39 ||   338
         Bite              |    16 |    19 |     2 ||    37
         Punch             |     4 |     6 |       ||    10
  Throw: Javelin           |     4 |     6 |       ||    10
         Throwing net      |     1 |     5 |       ||     6
         Boomerang         |       |    16 |       ||    16
Ability: End Transformatio |       |     3 |       ||     3
         Bat Form          |       |     3 |       ||     3
         Exsanguinate      |       |     1 |       ||     1
    Use: Scroll            |       |     2 |       ||     2
         Potion            |       |     1 |     1 ||     2
   Stab: Sleeping          |     4 |     7 |       ||    11
         Distracted        |       |     1 |       ||     1
 Armour: Leather armour    |    34 |    66 |    14 ||   114
  Dodge: Dodged            |    90 |   148 |    28 ||   266

Table legend: (Time is in decaauts)
 A = Elapsed time spent in this place.
 B = Non-inter-level travel time spent in this place.
 C = Inter-level travel time spent in this place.
 D = Time resting spent in this place.
 E = Time spent auto-exploring this place.
 F = Levels seen in this place.
 G = Mean time per level.
                   A        B        C        D        E       F      G
               +--------+--------+--------+--------+--------+-----+--------+
         Total |   5170 |   4814 |    356 |    755 |   2543 |   5 | 1034.0 |
       Dungeon |   5170 |   4814 |    356 |    755 |   2543 |   5 | 1034.0 |
               +--------+--------+--------+--------+--------+-----+--------+

Top non-repeatable levels by time:
     D:4: 1788 daAuts
     D:3: 1313 daAuts
     D:1: 813 daAuts
     D:2: 631 daAuts
     D:5: 624 daAuts
